 Dungeon Crawl Stone Soup version 0.23.2-30-g0e89c35649 (webtiles) character file.

Game seed: 9403231990131145383

57 Mrkan the Caller (level 4, -2/24 HPs)
             Began as a Tengu Summoner on June 25, 2019.
             Slain by Sigmund
             ... wielding a +0 scythe
              (11 damage)
             ... on level 3 of the Dungeon.
             The game lasted 00:07:29 (2270 turns).

Mrkan the Caller (Tengu Summoner)                   Turns: 2270, Time: 00:07:29

Health: -2/24      AC:  4    Str:  8    XL:     4   Next: 0%
Magic:  3/9        EV: 12    Int: 16    God:
Gold:   129        SH:  5    Dex: 15    Spells: 5/8 levels left

rFire    . . .     SeeInvis .   (no weapon)
rCold    . . .     Gourm    .   h - +2 buckler
rNeg     . . .     Faith    .   a - +0 robe
rPois    .         Spirit   .   (helmet restricted)
rElec    .         Reflect  .   t - +1 cloak
rCorr    .         Harm     .   (no gloves)
MR       .....                  (boots unavailable)
Stlth    ++........             (no amulet)
HPRegen  0.08/turn              (no ring)
MPRegen  0.11/turn              (no ring)

@: no status effects
A: beak, talons 3
a: no special abilities


You were on level 3 of the Dungeon.
You were not hungry.

You visited 1 branch of the dungeon, and saw 3 of its levels.

You collected 129 gold pieces.

Inventory:

Missiles
 l - 36 stones (quivered)
Armour
 a - a +0 robe (worn)
 h - a +2 buckler (worn)
 r - a +0 cloak
 t - a +1 cloak (worn)
Scrolls
 b - 2 scrolls of identify
 e - a scroll of amnesia {unknown}
 i - a scroll of remove curse {unknown}
 m - 2 scrolls of magic mapping {unknown}
 p - a scroll of fear {unknown}
 q - a scroll of teleportation {unknown}
Potions
 d - 3 potions of flight
 f - a potion of haste {unknown}
 g - 2 potions of lignification
 j - a potion of ambrosia {unknown}
 k - 2 potions of resistance
 n - 2 potions of heal wounds {unknown}
 o - a potion of might {unknown}
 s - 2 potions of invisibility {unknown}
Comestibles
 c - 4 rations
 u - a chunk of flesh


   Skills:
 - Level 2.1 Dodging
 - Level 2.0 Stealth
 + Level 2.6 Spellcasting
 * Level 6.1 Summonings


You had 5 spell levels left.
You knew the following spells:

 Your Spells              Type           Power        Failure   Level  Hunger
a - Summon Small Mammal   Summ           ###.         2%          1    #......
b - Call Imp              Summ           ###.....     4%          2    ##.....

Your spell library contained the following spells:

 Spells                   Type           Power        Failure   Level  Hunger
 Call Canine Familiar     Summ           ###.....     8%          3    ###....
 Summon Guardian Golem    Hex/Summ       ##......     28%         3    ###....
 Summon Ice Beast         Ice/Summ       ##......     67%         4    #####..
 Summon Lightning Spire   Summ/Air       ##......     67%         4    #####..


Dungeon Overview and Level Annotations

Branches:
Dungeon (3/15)

Altars:
Gozag

Annotations:
D:3 Sigmund


Innate Abilities, Weirdness & Mutations

You have a beak for a mouth.
You have claws for feet.


Message History

Your white imp barely misses Sigmund.
Your crimson imp hits Sigmund but does no damage.
Sigmund closely misses your crimson imp.
Casting: Call Imp (safe; 4% risk of failure)
Confirm with . or Enter, or press ? or * to list all spells.
You don't have enough magic to cast that spell.
Your crimson imp blinks!
Your white imp closely misses Sigmund.
Okay, then.
Your white imp disappears in a puff of smoke!
Casting: Call Imp (safe; 4% risk of failure)
Confirm with . or Enter, or press ? or * to list all spells.
A beastly little devil appears in a puff of frigid air.
You swap places.
You hear a shout!
You hear some strange, mumbled words.
Deactivating autopickup; reactivate with Ctrl-A.
Something tries to affect you, but you resist.
Something hits you!
You die...

..#.##(.# #.#.##..##
#........ # )######
#....#..## # .......
........ .
.......######%##†#######
......<................#
........#####.5#.#####.#
.......@....#[.......#.#
########....##.#.###.#..
#.5...............
#.....###.......#.
#.....# #.......#. #..
#.##### ##......#. #..#
#.# #.###.##. #..# #.#
.... ..... #..# #.# #
>###.###


You could see a friendly white imp.

Vanquished Creatures
  A worm (D:2)
  3 giant cockroaches
  2 goblins
  A bat (D:2)
  4 rats
11 creatures vanquished.

Vanquished Creatures (collateral kills)
  Natasha (D:2)
  A worker ant (D:2)
  An ooze (D:3)
  A worm (D:2)
  A leopard gecko (D:1)
  3 bats
  3 goblins
  2 hobgoblins
  6 jackals
  3 kobolds
  2 ball pythons
  A frilled lizard (D:2)
  A rat (D:1)
26 creatures vanquished.

Vanquished Creatures (others)
  A plant (D:2)
1 creature vanquished.

Grand Total: 38 creatures vanquished

Notes
Turn   | Place    | Note
-------+----------+-------------------------------------------
     0 | D:1      | Mrkan the Tengu Summoner began the quest for the Orb.
     0 | D:1      | Reached XP level 1. HP: 10/10 MP: 4/4
   257 | D:1      | Reached skill level 5 in Summonings
   440 | D:1      | Reached XP level 2. HP: 15/15 MP: 3/6
   444 | D:1      | Learned a level 2 spell: Call Imp
  1284 | D:2      | Reached XP level 3. HP: 19/19 MP: 2/7
  1443 | D:2      | Noticed Natasha
  1449 | D:2      | Killed Natasha
  1449 | D:2      | Reached skill level 6 in Summonings
  1885 | D:3      | Found an opulent altar of Gozag.
  1887 | D:3      | Noticed Sigmund
  2199 | D:3      | Reached XP level 4. HP: 5/24 MP: 2/9
  2270 | D:3      | Slain by Sigmund

Skill      XL: |  1  2  3 |
---------------+----------+-----
Summonings     | 5 6 |  6.1
Dodging        | |  2.1
Stealth        | |  2.0
Spellcasting   | |  2.6

Action                   |  1- 3 |  4- 6 || total
-------------------------+-------+-------++-------
Melee: Unarmed           |    39 |       ||    39
       Kick              |     9 |       ||     9
       Peck              |     5 |       ||     5
 Cast: Summon Small Mamm |    11 |       ||    11
       Call Imp          |    31 |     3 ||    34
  Use: Scroll            |     3 |       ||     3
 Stab: Sleeping          |     2 |       ||     2
  Eat: Chunk             |     4 |       ||     4
       Ration            |     1 |       ||     1
Armor: Robe              |    12 |       ||    12
Dodge: Dodged            |    33 |       ||    33
Block: Buckler           |     1 |       ||     1
